Map: [ESL] Goldenaura

Players

Aristori

  • Race: Zerg Zerg
  • Spawn Location: 5:00

Reynor - Winner!

  • Race: Zerg Zerg
  • Spawn Location: 12:00

Event: ESL SC2 Masters 2024 Spring (Regional)

VOD

Have the link to the VOD?

Description

Time

  • Played on: April 11, 2024, 12:56 p.m.
  • Length: 6:30

All games in this series

Show
View Real Time Build Order
Export as new Build Order

Aristori Zerg 

Build Orders: Hatch First, Zergling Baneling 

Get SALT Encoding   

  12  0:00  Drone  
  13  0:12  Overlord  
  13  0:17  Drone  
  14  0:30  Drone x2  
  16  0:47  Hatchery  
  15  0:51  Drone  
  15  0:54  Drone  
  17  1:05  Extractor  
  17  1:10  Spawning Pool  
  15  1:14  Drone  
  15  1:18  Drone  
  17  1:20  Drone  
  18  1:30  Drone  
  19  1:38  Drone  
  20  1:49  Overlord  
  20  1:56  Queen  
  20  1:59  Queen  
  20  2:00  Drone  
  25  2:04  Metabolic Boost  
  26  2:08  Drone  
  26  2:13  Zergling x2  
  26  2:14  Zergling x2  
  29  2:22  Zergling x2  
  29  2:23  Zergling x2  
  29  2:27  Baneling Nest  
  29  2:33  Zergling x2  
  29  2:34  Zergling x2  
  31  2:43  Overlord  
  32  2:44  Zergling x2  
  32  2:54  Zergling x4  
  34  3:11  Baneling x2  
  32  3:13  Zergling x16  
  36  3:31  Zergling x4  
  33  3:36  Baneling  
  33  3:40  Zergling x10  
  36  3:42  Queen  
  36  3:46  Baneling  
  36  3:47  Baneling x2  
  38  3:51  Zergling x4  
  40  4:03  Drone x4  
  40  4:08  Baneling  
  43  4:14  Overlord  
  43  4:16  Overlord  
  41  4:33  Zergling x10  
  39  4:49  Zergling x10  
  40  4:59  Roach Warren, Baneling x2  
  37  5:04  Zergling x6  
  39  5:18  Zergling x4  
  39  5:20  Baneling  
  40  5:27  Zergling x10  
  45  5:33  Hatchery  
  45  5:35  Zergling x6  
  43  5:44  Zergling x6  
  45  5:51  Baneling  
  43  5:57  Zergling x2  
  43  5:58  Zergling x10  
  34  6:12  Zergling x8  
Show
View Real Time Build Order
Export as new Build Order

Reynor Zerg - Winner!

Build Orders: Pool First, Zergling Baneling 

Get SALT Encoding   

  12  0:00  Drone  
  13  0:12  Overlord  
  13  0:17  Drone  
  14  0:30  Drone x2  
  16  0:36  Drone  
  17  0:44  Drone, Extractor  
  17  0:50  Spawning Pool  
  17  0:55  Drone  
  17  1:06  Drone  
  18  1:18  Hatchery  
  18  1:22  Drone  
  18  1:37  Zergling x2, Queen  
  21  1:44  Metabolic Boost  
  21  1:51  Overlord  
  21  1:55  Drone  
  22  2:09  Zergling x2  
  22  2:11  Zergling x2  
  22  2:13  Baneling Nest  
  23  2:20  Queen  
  23  2:22  Zergling x2  
  26  2:31  Zergling x2  
  26  2:33  Zergling x2  
  28  2:41  Zergling x2  
  28  2:43  Zergling x2  
  30  2:46  Zergling x6  
  33  2:52  Overlord  
  33  2:56  Baneling x2  
  33  2:58  Zergling x2  
  34  3:03  Drone  
  35  3:08  Overlord  
  34  3:14  Drone  
  34  3:19  Baneling  
  35  3:22  Overlord  
  35  3:24  Zergling x4  
  37  3:30  Drone x2  
  33  3:36  Drone x2  
  34  3:43  Drone x2  
  34  3:44  Drone  
  34  3:45  Baneling  
  37  3:52  Drone x2  
  39  3:56  Overlord  
  39  3:57  Baneling  
  39  4:03  Drone x2  
  39  4:05  Drone  
  41  4:15  Baneling  
  41  4:17  Zergling x8  
  41  4:21  Queen  
  47  4:27  Zergling x6  
  46  4:32  Zergling x2  
  46  4:36  Zergling x8  
  51  4:43  Zergling x2  
  51  4:46  Zergling x2  
  51  4:47  Baneling x2  
  51  4:48  Zergling x6  
  51  4:49  Zergling x2  
  47  4:54  Queen  
  47  4:58  Zergling x2  
  49  5:02  Zergling x2  
  50  5:11  Zergling x2, Hatchery  
  50  5:16  Zergling x2  
  49  5:23  Roach Warren, Baneling x4  
  49  5:26  Zergling x4  
  50  5:30  Overlord  
  50  5:36  Zergling x6  
  51  5:45  Queen  
  51  5:47  Baneling x2  
  51  5:49  Overlord  
  51  5:54  Zergling x4  
  52  6:03  Zergling x2  
  52  6:04  Zergling x2  
  53  6:11  Zergling x2  
Tags
 
Add a new tag
Caveats
  • Supply blocks, unpowered buildings, or Contaminate may cause inaccurate times.
  • Supply counts are checked every 10 seconds.